 Dungeon Crawl Stone Soup version 0.24-a0-347-g1a3e1d35ff (webtiles) character file.

Game seed: 14337517330059942717

14467 MachJacob the Destroyer (level 11, -1/89 HPs)
             Began as a Pale Draconian Ice Elementalist on May 23, 2019.
             Was an Elder of Yredelemnul.
             Slain by a small abomination (19 damage)
             ... on level 2 of the Abyss.
             The game lasted 01:13:41 (19248 turns).

MachJacob the Destroyer (DrIE)                     Turns: 19248, Time: 01:13:42

Health: -1/89      AC: 11    Str: 11    XL:     11   Next: 89%
Magic:  18/22      EV: 16    Int: 18    God:    Yredelemnul [****..]
Gold:   733        SH:  5    Dex: 12    Spells: 11/25 levels left

rFire    . . .     SeeInvis .   c - +3 dagger (elec)
rCold    . . .     Gourm    .   w - +0 buckler
rNeg     . . .     Faith    .   (armour unavailable)
rPois    .         Spirit   .   (helmet restricted)
rElec    .         Reflect  .   x - +1 cloak
rCorr    .         Harm     .   q - +1 pair of gloves
MR       .....                  (no boots)
Stlth    ++........             (no amulet)
HPRegen  0.24/turn              (no ring)
MPRegen  0.18/turn              (no ring)

@: no status effects
A: breathe steam, unfitting armour, cold-blooded, AC +7
a: Breathe Steam, Recall Undead Slaves, Injury Mirror, Animate Dead, Drain Life,
Renounce Religion


You were on level 2 of the Abyss.
You worshipped Yredelemnul.
Yredelemnul was greatly pleased with you.
You were not hungry.

You visited 3 branches of the dungeon, and saw 14 of its levels.
You visited the Abyss 1 time.
You also visited: Volcano.

You collected 733 gold pieces.

Inventory:

Hand Weapons
 c - a +3 dagger of electrocution (weapon)
Missiles
 D - 6 curare-tipped darts (quivered) {!f}
 F - 2 throwing nets {!f}
Armour
 q - a +1 pair of gloves (worn)
 w - a +0 buckler (worn)
 x - a +1 cloak (worn)
Jewellery
 a - an uncursed amulet of the acrobat {unknown}
 m - an uncursed amulet of guardian spirit {unknown}
Wands
 b - a wand of scattershot (7)
 k - a wand of flame (19)
 n - a wand of paralysis (19)
 y - a wand of polymorph (5)
 B - a wand of digging (8)
 E - a wand of acid (7)
Scrolls
 f - 5 scrolls of teleportation
 g - 2 scrolls of enchant weapon
 j - 2 scrolls of enchant armour
 t - a scroll of immolation
 v - 5 scrolls of remove curse
 G - a scroll of fog {unknown}
 H - a scroll of fear {unknown}
 I - a scroll of noise {unknown}
 J - a scroll of identify
Potions
 d - 4 potions of brilliance
 h - 4 potions of haste
 i - 8 potions of curing
 l - 8 potions of lignification
 o - 5 potions of might
 p - 2 potions of heal wounds
 r - 3 potions of mutation
 s - 2 potions of flight
 u - a potion of ambrosia
 z - a potion of resistance
Miscellaneous
 C - a phantom mirror
Comestibles
 e - 18 rations
 A - 3 chunks of flesh


   Skills:
 + Level 6.2 Fighting
 + Level 7.7 Dodging
 - Level 1.7 Stealth
 - Level 4.0 Shields
 + Level 7.8 Spellcasting
 - Level 8.1 Conjurations
 * Level 0.0 Charms
 - Level 8.0 Summonings
 * Level 0.0 Necromancy
 - Level 8.0 Ice Magic
 - Level 3.0 Invocations


You had 11 spell levels left.
You knew the following spells:

 Your Spells              Type           Power        Failure   Level  Hunger
a - Throw Frost           Conj/Ice       #####.       1%          2    None
b - Freeze                Ice            ####         1%          1    None
c - Throw Icicle          Conj/Ice       #####...     3%          4    ###....
d - Summon Ice Beast      Ice/Summ       #####...     3%          4    ###....
e - Regeneration          Chrm/Necr      #.........   30%         3    #......

Your spell library contained the following spells:

 Spells                   Type           Power        Failure   Level  Hunger
 Sting                    Conj/Pois      ###.         1%          1    None
 Summon Butterflies       Summ           #####...     1%          1    None
 Summon Small Mammal      Summ           ####         1%          1    None
 Call Imp                 Summ           #####...     1%          2    None
 Call Canine Familiar     Summ           #####...     1%          3    #......
 Ensorcelled Hibernation  Hex/Ice        ###...       2%          2    None
 Dazzling Spray           Conj/Hex       ###...       5%          3    #......
 Ozocubu's Armour         Chrm/Ice       ###.....     5%          3    #......
 Summon Guardian Golem    Hex/Summ       ###.....     6%          3    #......
 Apportation              Tloc           #.....       10%         1    None
 Beastly Appendage        Tmut           #.....       10%         1    None
 Corona                   Hex            #......      10%         1    None
 Infusion                 Chrm           #...         10%         1    None
 Mephitic Cloud           Conj/Pois/Air  ###.....     10%         3    #......
 Poisonous Vapours        Pois/Air       #.....       16%         2    None
 Shroud of Golubria       Chrm/Tloc      #.........   16%         2    None
 Song of Slaying          Chrm           #.......     16%         2    None
 Sticks to Snakes         Tmut           #.......     16%         2    None
 Ice Form                 Ice/Tmut       ###.....     19%         4    ###....
 Summon Lightning Spire   Summ/Air       ###.....     19%         4    ###....
 Confuse                  Hex            #.......     30%         3    #......
 Lesser Beckoning         Tloc           #.........   30%         3    #......
 Spectral Weapon          Hex/Chrm       #.......     30%         3    #......
 Spider Form              Tmut/Pois      #.........   30%         3    #......
 Tukima's Dance           Hex            #.......     30%         3    #......
 Venom Bolt               Conj/Pois      ###.......   45%         5    #####..
 Olgreb's Toxic Radiance  Pois           #.......     69%         4    ###....
 Alistair's Intoxication  Tmut/Pois      #.......     95%         5    #####..
 Blade Hands              Tmut           #.........   95%         5    #####..
 Invisibility             Hex            #.......     100%        6    ######.


Dungeon Overview and Level Annotations

Branches:
Dungeon (11/15)            Temple (1/1) D:4            Lair (2/6) D:11
  Swamp (0/4) Lair:2          Orc (0/2) D:9
  Snake: Lair:2-4    Spider: Lair:2-4

Altars:
Ashenzari
Cheibriados
Dithmenos
Elyvilon
Fedhas
Gozag
Hepliaklqana
Kikubaaqudgha
Makhleb
Nemelex Xobeh
Okawaru
Qazlal
Ru
Trog
Uskayaw
Vehumet
Wu Jian
Xom
Yredelemnul
Zin
The Shining One
Beogh

Annotations:
D:3 Blork the orc


Innate Abilities, Weirdness & Mutations

You can breathe blasts of scalding, opaque steam.
Your pale cyan-grey scales are hard. (AC +7)
You cannot fit into any form of body armour.
You are cold-blooded and may be slowed by cold attacks.


Message History

Here: a small abomination The floor, spattered with blood.
The neqoxec gestures.
The small abomination barely misses you.
The small abomination barely misses you.
Your skin stops crawling.
The small abomination closely misses you.
The small abomination misses you.
Press: ? - help, v - describe, . - travel
Here: a small abomination The floor.
Press: ? - help, v - describe, . - travel
Here: a small abomination The floor.
Press: ? - help, v - describe, . - travel
Here: a small abomination The floor.
The small abomination hits you!!
You die...
Your body rises from the dead as a mindless zombie.

## #.###
###...#
.....## #.
##.#... ..#
#..#..#
#...
#...#..#
##..@..#
#..x...#
#...#.##
#.##..#
##.....#
###..#..##
#.....#.#
#.......###
####.#..#


You could see a small abomination.

Vanquished Creatures
  A wizard (Volcano)
  A centaur zombie (D:11)
  A gargoyle (D:11)
  A spiny frog (Lair:2)
  2 rime drakes
  A komodo dragon (Lair:1)
  2 hippogriffs
  2 wyverns
  6 yaks
  Grum (D:8)
  A water moccasin (Lair:2)
  Duvessa (D:7)
  2 porcupines (Lair:2)
  2 orc warriors
  3 ice beasts
  2 black bears (D:10)
  An ogre (D:7)
  3 wolves (D:8)
  A crocodile (Lair:1)
  6 bullfrogs
  Dowan (D:7)
  4 scorpions
  6 killer bees (D:7)
  9 wights
  4 howler monkeys
  2 crimson imps
  A bullfrog zombie (D:10)
  2 quasits
  4 hounds
  2 centaur skeletons
  5 jellies
  3 orc priests
  2 bullfrog skeletons
  Natasha (thrice) (D:2)
  4 orc wizards
  8 worker ants
  A hound zombie (D:4)
  2 howler monkey zombies
  A worker ant zombie (D:6)
  Robin (D:2)
  13 gnolls
  A howler monkey skeleton (D:6)
  11 adders
  A shadow imp (D:8)
  An ooze (D:4)
  2 adder skeletons (D:4)
  3 worms
  2 dart slugs
  5 leopard geckos
  22 orcs
  7 bats
  A giant cockroach (D:7)
  18 goblins
  10 hobgoblins
  9 jackals
  10 kobolds
  4 quokkas
  A ball python (D:2)
  3 frilled lizards
  2 jackal skeletons
  2 leopard gecko skeletons
  8 rats
241 creatures vanquished.

Vanquished Creatures (collateral kills)
  A hydra (D:11)
  3 two-headed ogres
  A wizard (Volcano)
  A lindwurm (Lair:2)
  An ugly thing (D:11)
  2 toenail golems (Volcano)
  A spiny frog (Lair:2)
  A komodo dragon (D:11)
  2 trolls (D:9)
  A hornet (D:11)
  4 blink frogs (Lair:1)
  3 hippogriffs
  10 yaks
  A wraith (D:11)
  A basilisk (Lair:1)
  A hungry ghost (D:9)
  A water moccasin (Lair:2)
  A porcupine (D:11)
  A sky beast (D:10)
  2 orc warriors (D:9)
  A black bear (D:10)
  A necrophage (D:11)
  An ice beast (D:11)
  A phantom (D:11)
  3 ogres
  A wolf (D:8)
  3 centaurs
  4 bullfrogs
  A gnoll sergeant (D:10)
  A wight (D:6)
  A howler monkey (D:8)
  2 quasits (D:10)
  A bullfrog skeleton (D:10)
  3 orc priests
  A centaur skeleton (D:9)
  An iguana (D:10)
  4 worker ants
  A hound zombie (D:11)
  A worker ant zombie (D:9)
  8 gnolls
  2 adders
  A shadow imp (D:11)
  An adder skeleton (D:8)
  A leopard gecko (D:9)
  26 orcs
  6 fungi
  2 plants (D:11)
118 creatures vanquished.

Vanquished Creatures (others)
  7 flying skulls
  2 human skeletons (Volcano)
  2 wolf skeletons (D:8)
  3 bullfrog skeletons
  A porcupine skeleton (D:11)
  A killer bee zombie (D:7)
  A hound skeleton (D:7)
  A mummy (D:11)
  2 howler monkey skeletons (D:8)
  An elf skeleton (D:7)
  A gnoll skeleton (D:9)
  8 orc skeletons
  An orc zombie (D:10)
31 creatures vanquished.

Grand Total: 390 creatures vanquished

Notes
Turn   | Place    | Note
-------+----------+-------------------------------------------
     0 | D:1      | MachJacob the Draconian Ice Elementalist began the quest
                  | for the Orb.
     0 | D:1      | Reached XP level 1. HP: 14/14 MP: 3/3
   426 | D:1      | Reached XP level 2. HP: 14/20 MP: 1/5
   446 | D:1      | Learned a level 2 spell: Throw Frost
  1540 | D:2      | Reached XP level 3. HP: 26/26 MP: 0/6
  1620 | D:2      | Noticed Robin
  1667 | D:2      | Killed Robin
  2277 | D:2      | Found a sparkling altar of Nemelex Xobeh.
  2471 | D:2      | Reached XP level 4. HP: 33/33 MP: 0/7
  2605 | D:2      | Noticed Natasha
  2620 | D:2      | Killed Natasha
  3091 | D:2      | Noticed Natasha
  3099 | D:2      | Killed Natasha
  3099 | D:2      | Reached XP level 5. HP: 19/38 MP: 2/9
  3347 | D:2      | Noticed Natasha
  3352 | D:2      | Killed Natasha
  3710 | D:3      | Found a shadowy altar of Dithmenos.
  3730 | D:2      | Reached XP level 6. HP: 40/45 MP: 0/10
  4261 | D:3      | Noticed Blork the orc
  4407 | D:3      | Reached skill level 5 in Ice Magic
  5553 | D:4      | Found a staircase to the Ecumenical Temple.
  5560 | Temple   | Entered the Ecumenical Temple
  5858 | Temple   | Became a worshipper of Yredelemnul the Dark
  6694 | D:4      | Your scales start taking on a pale cyan-grey colour.
  6694 | D:4      | Reached XP level 7. HP: 37/50 MP: 3/12
  7469 | D:4      | Noticed a moth of wrath
  7471 | D:4      | Found a bloodstained altar of Trog.
  7632 | D:5      | Entered Level 5 of the Dungeon
  7695 | D:5      | Found an opulent altar of Gozag.
  8067 | D:5      | Reached * piety under Yredelemnul
  8249 | D:5      | Found a sparkling altar of Nemelex Xobeh.
  8250 | D:5      | Found an ornate altar of the Wu Jian Council.
  8250 | D:5      | Found a radiant altar of Vehumet.
  8482 | D:5      | Found a hide-covered altar of Uskayaw.
  9093 | D:6      | Found a hide-covered altar of Uskayaw.
  9337 | D:6      | Reached skill level 5 in Conjurations
  9337 | D:6      | Reached XP level 8. HP: 57/57 MP: 1/13
  9584 | D:6      | Reached skill level 1 in Invocations
 10016 | D:7      | Reached skill level 1 in Shields
 10384 | D:7      | Noticed Duvessa
 10720 | D:7      | Killed Duvessa
 10725 | D:7      | Found a shimmering altar of Xom.
 10739 | D:7      | Your ally Duvessa died
 10758 | D:7      | Noticed Dowan
 10766 | D:7      | Killed Dowan
 10861 | D:7      | Reached ** piety under Yredelemnul
 10994 | D:7      | Noticed a hippogriff
 11011 | D:7      | Killed a hippogriff
 11011 | D:7      | Reached XP level 9. HP: 47/62 MP: 2/15
 11734 | D:7      | Found a sacrificial altar of Ru.
 12278 | D:8      | Noticed Grum
 12287 | D:8      | Reached skill level 5 in Spellcasting
 12307 | D:8      | Killed Grum
 12316 | D:8      | Reached skill level 5 in Dodging
 12608 | D:8      | Noticed a two-headed ogre
 13210 | D:8      | Reached *** piety under Yredelemnul
 13719 | D:8      | Reached XP level 10. HP: 69/69 MP: 13/18
 13719 | D:8      | Received a gift from Yredelemnul (3 flying skulls)
 13911 | D:8      | Killed a two-headed ogre
 13919 | D:8      | Learned a level 4 spell: Throw Icicle
 13924 | D:8      | Learned a level 4 spell: Summon Ice Beast
 14158 | D:9      | Reached skill level 1 in Summonings
 14164 | D:9      | Reached skill level 1 in Fighting
 14554 | D:9      | Found a roughly hewn altar of Beogh.
 14554 | D:9      | Found a staircase to the Orcish Mines.
 15084 | D:9      | Reached **** piety under Yredelemnul
 15085 | D:9      | Received a gift from Yredelemnul (4 flying skulls)
 15547 | D:10     | Entered Level 10 of the Dungeon
 15842 | D:10     | Noticed a two-headed ogre
 15848 | D:10     | Killed a two-headed ogre
 16104 | D:10     | Reached skill level 5 in Summonings
 16116 | D:10     | Received a gift from Yredelemnul (a wraith)
 16487 | D:11     | Reached XP level 11. HP: 81/83 MP: 21/21
 16590 | D:11     | Noticed a four-headed hydra
 16596 | D:11     | Killed a four-headed hydra
 16644 | D:11     | Noticed a green ugly thing
 16655 | D:11     | Killed a green ugly thing
 16658 | D:11     | Received a gift from Yredelemnul (a mummy)
 16823 | D:11     | Noticed Sonja
 16823 | D:11     | Noticed a two-headed ogre
 16826 | D:11     | Noticed Sonja
 16826 | D:11     | Sonja changed into Sonja the hornet
 16830 | D:11     | Killed Sonja the hornet
 16831 | D:11     | Killed a two-headed ogre
 17127 | D:11     | Found a staircase to the Lair.
 17266 | Lair:1   | Entered Level 1 of the Lair of Beasts
 17397 | Lair:1   | Received a gift from Yredelemnul (a wraith)
 17527 | Lair:1   | Reached skill level 5 in Fighting
 18229 | Lair:1   | You fall into a shaft and drop 1 floor!
 18245 | Lair:2   | Got a faintly glowing hand crossbow
 18246 | Lair:2   | Identified the cursed +1 hand crossbow of Valour {velocity,
                  | Dex+4} (You found it on level 2 of the Lair of Beasts)
 18541 | Lair:2   | Found a staircase to the Swamp.
 18719 | Lair:2   | Found a dark tunnel.
 18719 | Lair:2   | Noticed a lindwurm
 18731 | Lair:2   | Killed a lindwurm
 18740 | Volcano  | Entered a volcano
 18889 | Volcano  | Noticed a wizard
 18908 | Volcano  | Killed a wizard
 19012 | Volcano  | Noticed a wizard
 19036 | Volcano  | Killed a wizard
 19049 | Volcano  | Noticed a wizard
 19087 | Volcano  | Cast into level 2 of the Abyss (a wizard)
 19087 | Abyss:2  | Found a corrupted altar of Lugonu.
 19143 | Abyss:2  | Noticed a wretched star
 19154 | Abyss:2  | Learned a level 3 spell: Regeneration
 19201 | Abyss:2  | Noticed a death knight
 19248 | Abyss:2  | Slain by a small abomination

Levels and vault maps discovered:
D:1:      lordsloth_arrival_two_stooges, layout_basic, minmay_octomino_j4
D:2:      layout_basic, nemelex_lonely_heart_becter, uniq_natasha, uniq_robin
D:3:      layout_rooms, tgw_sif, serial_forest, infiniplex_forest_end_3,
          infiniplex_forest_straight_5, infiniplex_forest_corner_2,
          infiniplex_forest_clump_large, infiniplex_forest_lined_2,
          infiniplex_forest_clump_medium, grunt_dithmenos_smoke_and_mirrors
D:4:      kennysheep_big_flooded_room, layout_loops_ring,
          minmay_temple_entry_tees, tgw_trog
D:5:      layout_layer_cave, marbit_many_paths, nicolae_gozag_seed_capital,
          chequers_temple_overflow_statue_of_worship, first_ration
D:6:      layout_basic, serial_rivers, chequers_serial_rivers_micro_b,
          chequers_serial_rivers_micro_e, chequers_serial_rivers_micro_b,
          chequers_serial_rivers_micro_b, basic_altar
D:7:      layout_basic, kennysheep_mini, nicolae_ru_the_path_less_chosen,
          wad_rectangle_vault, uniq_duvessa
D:8:      layout_layer_cave, uniq_grum
D:9:      layout_gridville, david_orc_5
D:10:     kennysheep_blocky_hall, layout_rooms
D:11:     layout_cave_pools, grunt_lair_entry_orc_guard_hut, uniq_fannar,
          uniq_sonja
Temple:   oiseaux_autumnal_temple
Lair:1:   layout_chaotic_city
Lair:2:   layout_hall_layers, swamp_mist_pool, nicolae_volcano_entry_vermiform
Abyss:2
Volcano:  volcano_bunker

Skill      XL: |  1  2  3  4  5  6  7  8  9 10 11 |
---------------+----------------------------------+-----
Dodging        | 2 3 4 5 6 7 |  7.7
Ice Magic      | 4 5 6 7 8 |  8.0
Conjurations   | 2 3 5 6 7 8 |  8.1
Spellcasting   | 3 4 5 6 7 |  7.8
Invocations    | 2 3 |  3.0
Shields        | 2 4 |  4.0
Summonings     | 5 8 |  8.0
Fighting       | 3 6 |  6.2
Stealth        | |  1.7

Action                   |  1- 3 |  4- 6 |  7- 9 | 10-12 || total
-------------------------+-------+-------+-------+-------++-------
Melee: Unarmed           |    11 |       |       |       ||    11
       Tailslap          |     4 |     2 |     9 |    20 ||    35
       Dagger            |    17 |    31 |   105 |   121 ||   274
 Cast: Freeze            |    60 |    66 |   144 |    12 ||   282
       Throw Frost       |     9 |    58 |    61 |    43 ||   171
       Throw Icicle      |       |       |       |    73 ||    73
       Summon Ice Beast  |       |       |       |     8 ||     8
       Regeneration      |       |       |       |     1 ||     1
Invok: Animate Remains   |       |       |    23 |       ||    23
       Animate Dead      |       |       |     1 |    34 ||    35
       Recall Undead Sla |       |       |       |     5 ||     5
       Injury Mirror     |       |       |       |     1 ||     1
 Abil: Breathe Steam     |       |       |    17 |    10 ||    27
Evoke: Wand              |       |       |       |     1 ||     1
  Use: Scroll            |       |     7 |     7 |     6 ||    20
       Potion            |       |       |     1 |       ||     1
 Stab: Sleeping          |       |     2 |       |       ||     2
       Distracted        |       |       |       |     7 ||     7
  Eat: Chunk             |     6 |    13 |    24 |    37 ||    80
       Ration            |       |     1 |     2 |     1 ||     4
Armor: Skin              |    26 |    33 |    89 |    54 ||   202
Dodge: Dodged            |    49 |    64 |   153 |   118 ||   384
Block: Buckler           |       |       |    40 |    35 ||    75

Table legend:
 A = Non-vault XP
 B = Vault XP
 C = Vault XP percentage of total XP
 D = Non-vault monster count
 E = Vault monster count
 F = Vault count percentage of total count
                 A         B        C        D         E       F
            +---------+---------+-------+---------+---------+-------
      Total |   15505 |    5163 |  25.0 |     278 |      71 |  20.3
            +---------+---------+-------+---------+---------+-------
        D:1 |      21 |       4 |  16.0 |      11 |       2 |  15.4
        D:2 |     297 |      70 |  19.1 |      31 |      12 |  27.9
        D:3 |     160 |       0 |   0.0 |      30 |       0 |   0.0
        D:4 |     282 |      82 |  22.5 |      23 |       7 |  23.3
        D:5 |     246 |      13 |   5.0 |       8 |       1 |  11.1
        D:6 |     508 |       0 |   0.0 |      14 |       0 |   0.0
        D:7 |     799 |     744 |  48.2 |      21 |       6 |  22.2
        D:8 |    2138 |     627 |  22.7 |      30 |       5 |  14.3
        D:9 |    2474 |     254 |   9.3 |      35 |      23 |  39.7
       D:10 |    1412 |     813 |  36.5 |      27 |       4 |  12.9
       D:11 |    2692 |     620 |  18.7 |      22 |       6 |  21.4
     Temple |       4 |       0 |   0.0 |       2 |       0 |   0.0
     Lair:1 |    1974 |       0 |   0.0 |      11 |       0 |   0.0
     Lair:2 |    2498 |     286 |  10.3 |      13 |       1 |   7.1
    Volcano |       0 |    1650 | 100.0 |       0 |       4 | 100.0
            +---------+---------+-------+---------+---------+-------
